Map: Acropolis LE

Players

LiquidSolo

  • Race: Protoss Protoss
  • League: Master
  • Spawn Location: 5:00

Barcode - Winner!

  • Race: Zerg Zerg
  • League: Master
  • Spawn Location: 11:00

VOD

Have the link to the VOD?

Description

Time

  • Played on: June 29, 2019, 10:36 p.m.
  • Length: 19:34
Show
View Real Time Build Order
Export as new Build Order

LiquidSolo Protoss 

Build Orders: 1 Gate Expand, Chargelot Immortal 

Get SALT Encoding   

  12  0:01  Probe  
  13  0:13  Probe  
  14  0:21  Pylon  
  14  0:25  Probe  
  15  0:38  Probe  
  15  0:40  Gateway  
  16  0:46  Assimilator, Probe  
  16  0:54  Probe  
  18  1:06  Probe  
  19  1:18  Probe  
  20  1:28  Nexus  
  20  1:37  Cybernetics Core  
  20  1:41  Probe  
  20  1:46  Assimilator  
  21  1:54  Probe  
  22  1:55  Pylon  
  22  2:04  Stalker  
  22  2:09  Probe  
  25  2:21  Probe  
  26  2:23  Twilight Council  
  26  2:28  Adept  
  26  2:29  Warp Gate  
  26  2:33  Probe  
  26  2:35  Resonating Glaives  
  29  2:44  Probe  
  29  2:45  Probe  
  31  2:56  Probe  
  32  2:58  Probe  
  33  3:09  Gateway  
  33  3:11  Gateway  
  33  3:13  Probe  
  33  3:15  Probe  
  35  3:25  Probe  
  36  3:27  Probe  
  37  3:37  Probe  
  37  3:39  Probe  
  39  3:50  Probe  
  39  3:51  Probe  
  41  4:02  Probe  
  42  4:07  Probe  
  43  4:15  Probe  
  44  4:18  Adept  
  46  4:28  Pylon  
  46  4:33  Nexus  
  46  4:35  Assimilator x2  
  46  4:36  Pylon, Charge  
  46  4:37  Pylon, Robotics Facility  
  46  4:46  Probe x2  
  46  4:47  Adept x3  
  54  4:54  Robotics Facility  
  54  4:56  Probe x2  
  56  5:04  Probe x2  
  56  5:10  Adept x3  
  56  5:13  Probe  
  64  5:14  Pylon, Probe  
  66  5:25  Immortal  
  66  5:26  Probe  
  67  5:34  Adept x3  
  77  5:39  Observer  
  77  5:40  Probe  
  78  5:45  Probe  
  80  5:50  Pylon  
  80  5:51  Pylon  
  80  5:55  Probe  
  80  5:56  Probe  
  82  5:57  Gateway  
  82  6:02  Probe  
  81  6:07  Probe  
  82  6:12  Probe, Immortal  
  82  6:14  Probe  
  82  6:20  Probe  
  82  6:21  Zealot x2  
  82  6:22  Zealot  
  89  6:26  Probe  
  89  6:27  Immortal  
  89  6:30  Probe  
  89  6:32  Probe  
  96  6:36  Templar Archives  
  96  6:38  Probe  
  97  6:42  Probe  
  97  6:43  Gateway x2  
  98  6:47  Probe  
  98  6:50  Probe  
  100  6:54  Probe  
  100  6:59  Stalker x4  
  109  7:12  Pylon  
  109  7:13  Pylon  
  109  7:15  Pylon  
  109  7:20  Probe, Immortal  
  108  7:31  Zealot x2  
  108  7:34  Psionic Storm, Stalker x2  
  108  7:36  Probe  
  118  7:42  Shield Battery  
  119  7:44  Assimilator  
  119  7:45  Shield Battery x2  
  119  7:48  Observer  
  119  7:49  Gateway  
  119  7:50  Assimilator, Gateway  
  117  7:51  Gateway  
  117  7:53  Gateway  
  117  7:55  Gateway  
  118  8:16  Probe  
  118  8:17  Probe  
  118  8:18  Probe  
  118  8:19  Pylon  
  121  8:20  Nexus  
  121  8:23  Pylon  
  121  8:27  High Templar x6  
  121  8:30  Immortal  
  133  8:35  Immortal  
  133  8:37  Probe x3  
  133  8:39  Forge  
  144  8:44  Pylon  
  144  8:45  Pylon  
  144  8:49  Probe  
  145  8:56  Probe  
  145  8:57  Stalker  
  145  9:00  Probe  
  149  9:04  Pylon, High Templar x3  
  149  9:06  Pylon  
  149  9:08  Adept  
  149  9:09  Adept x2  
  161  9:12  Warp Prism x2  
  161  9:15  Shield Battery  
  161  9:16  Shield Battery  
  161  9:18  Shield Battery  
  161  9:20  Probe x3  
  168  9:34  Photon Cannon  
  168  9:37  Zealot x3  
  165  9:40  Protoss Ground Weapons Level 1  
  165  9:43  Probe  
  165  9:44  Probe  
  165  9:45  Probe x2  
  160  9:55  Probe  
  160  9:56  Probe  
  162  10:00  Zealot x3  
  162  10:01  Zealot x2  
  162  10:06  Probe  
  173  10:10  Probe x2  
  173  10:12  Stalker x3  
  181  10:16  Probe  
  182  10:32  Archon  
  182  10:33  Zealot x4  
  182  10:34  Zealot x4  
  167  10:41  Probe x3  
  154  10:43  Probe  
  155  10:53  Probe x3  
  155  10:55  Probe  
  129  11:05  Probe  
  129  11:06  Zealot x5  
  129  11:07  Zealot x6  
  129  11:09  Immortal  
  154  11:15  Probe x3  
  154  11:17  Probe  
  120  11:27  Zealot x4  
  120  11:28  Zealot x7  
  124  11:33  Probe x2  
  124  11:34  Probe  
  123  11:40  Assimilator, Photon Cannon  
  123  11:42  Assimilator, Photon Cannon  
  121  11:50  Immortal x2  
  119  11:59  High Templar x10  
  133  12:05  Archon x3  
  131  12:15  Pylon  
  131  12:17  Protoss Ground Weapons Level 2  
  131  12:18  Photon Cannon  
  131  12:20  Immortal x2  
  139  12:33  High Templar x2  
  139  12:34  Zealot x8  
  159  12:37  Archon  
  159  12:42  Photon Cannon  
  159  12:52  Stalker  
  159  12:53  Photon Cannon  
  159  12:54  Photon Cannon  
  159  12:55  Stargate  
  161  12:59  Probe  
  161  13:03  Stalker x5  
  171  13:06  Probe x2  
  173  13:18  Zealot x6  
  185  13:25  Probe x3  
  188  13:29  Probe  
  177  13:38  Zealot  
  177  13:39  Zealot x2  
  183  13:42  High Templar x5  
  183  13:43  High Templar  
  183  13:46  Archon x3  
  185  13:56  Zealot x2  
  169  14:14  Probe  
  169  14:15  Zealot x7  
  169  14:16  Zealot x2  
  186  14:18  Probe x3, Warp Prism  
  186  14:23  Fleet Beacon  
  191  14:26  Robotics Bay, Probe  
  191  14:27  Stargate  
  191  14:28  Pylon  
  191  14:29  Nexus  
  191  14:30  Probe x2  
  194  14:31  Probe  
  194  14:33  Pylon  
  193  14:40  High Templar  
  193  14:51  Probe x2  
  174  14:57  Warp Prism  
  174  15:00  Assimilator  
  174  15:01  High Templar x4  
  174  15:04  Assimilator  
  172  15:07  Photon Cannon  
  172  15:09  Photon Cannon  
  172  15:11  Photon Cannon  
  172  15:12  Observer  
  172  15:13  Photon Cannon  
  172  15:14  Probe  
  175  15:15  Shield Battery  
  175  15:17  High Templar x8  
  175  15:18  High Templar  
  192  15:24  Archon x3  
  192  15:25  Archon  
  192  15:26  Tempest  
  192  15:30  Shield Battery  
  192  15:31  Shield Battery  
  192  15:34  Shield Battery  
  192  15:41  Pylon  
  196  15:49  Pylon  
  196  15:51  Immortal  
  196  15:56  Observer  
  194  16:03  Archon  
  130  16:12  Zealot x3  
  130  16:13  Zealot x8  
  130  16:14  Tempest x2  
  130  16:17  Immortal  
  123  16:20  Immortal  
  123  16:22  Probe x3  
  138  16:49  Photon Cannon  
  138  16:52  High Templar  
  138  16:53  Oracle  
  138  16:54  Zealot x6  
  144  16:59  Nexus  
  151  17:10  Probe  
  152  17:20  Probe  
  151  17:28  Zealot x9  
  169  17:33  Observer  
  140  17:48  Zealot x7  
  140  17:49  Zealot x3  
  127  17:59  Probe  
  118  18:07  Probe  
  71  18:20  Zealot x5  
  77  18:28  Observer  
  55  19:10  High Templar x4  
  63  19:19  Archon x2  
Show
View Real Time Build Order
Export as new Build Order

Barcode Zerg - Winner!

Build Orders: Hatch First, Lurkers 

Get SALT Encoding   

  12  0:01  Drone  
  13  0:14  Overlord  
  13  0:17  Drone  
  14  0:33  Drone x2  
  16  0:48  Hatchery  
  15  0:52  Drone  
  15  0:55  Drone  
  17  0:59  Drone  
  18  1:04  Extractor  
  18  1:08  Drone  
  18  1:18  Spawning Pool  
  18  1:20  Drone  
  18  1:29  Drone  
  19  1:42  Drone  
  20  1:52  Drone  
  21  2:06  Queen  
  21  2:07  Queen  
  25  2:09  Hatchery  
  24  2:20  Drone x3  
  24  2:21  Zergling x2  
  28  2:30  Overlord  
  28  2:32  Metabolic Boost  
  28  2:37  Overlord  
  28  2:47  Queen  
  28  2:48  Drone  
  28  2:49  Drone  
  32  2:54  Drone x2  
  34  2:58  Drone  
  34  3:01  Drone  
  36  3:06  Drone  
  37  3:15  Overlord  
  37  3:16  Drone x4  
  41  3:23  Overlord  
  41  3:29  Queen  
  41  3:33  Overlord  
  43  3:36  Roach Warren  
  43  3:37  Extractor  
  43  3:38  Extractor  
  40  3:43  Drone x4  
  44  3:57  Drone  
  44  3:58  Drone x6  
  44  4:02  Lair  
  51  4:05  Zergling x2  
  51  4:18  Roach x5  
  61  4:30  Roach x2  
  65  4:39  Overlord  
  65  4:40  Overlord  
  65  4:50  Extractor  
  65  4:51  Drone x2  
  65  4:52  Overlord x2  
  67  5:00  Drone x2  
  67  5:01  Drone x2  
  67  5:02  Roach x6  
  67  5:04  Overlord, Overseer  
  82  5:11  Queen  
  82  5:13  Roach  
  86  5:15  Overseer  
  86  5:20  Evolution Chamber  
  85  5:21  Drone  
  85  5:23  Roach x2  
  90  5:35  Drone  
  90  5:36  Drone x8  
  99  5:48  Zerg Missile Weapons Level 1  
  99  5:51  Drone  
  99  5:52  Overlord, Drone  
  99  5:55  Roach  
  99  5:56  Glial Reconstitution, Roach  
  105  5:57  Overlord  
  105  6:07  Spine Crawler x2  
  105  6:08  Spine Crawler  
  105  6:10  Queen  
  101  6:25  Drone  
  102  6:33  Roach x10  
  102  6:39  Overlord x2  
  122  6:40  Extractor  
  122  6:41  Extractor, Overseer  
  120  6:51  Overlord x2  
  120  6:52  Drone  
  120  6:53  Drone  
  122  6:56  Evolution Chamber  
  122  6:59  Drone x3  
  122  7:00  Drone x3  
  122  7:01  Drone x2  
  128  7:04  Drone  
  128  7:05  Drone x2  
  131  7:13  Drone x3  
  126  7:32  Hatchery  
  117  7:38  Hydralisk Den  
  117  7:41  Zerg Melee Weapons Level 1  
  117  7:43  Zerg Missile Weapons Level 2  
  117  7:44  Baneling Nest  
  109  7:56  Drone  
  109  7:57  Drone  
  111  8:00  Drone x4  
  111  8:01  Drone x5  
  120  8:07  Grooved Spines  
  120  8:20  Hydralisk x6  
  120  8:21  Hydralisk  
  120  8:22  Overlord x2  
  134  8:27  Extractor x2, Overlord x2, Centrifical Hooks  
  134  8:29  Zergling x10  
  137  8:34  Drone x2  
  137  8:37  Drone  
  137  8:38  Drone x3  
  137  8:40  Hatchery  
  142  8:46  Drone  
  142  8:47  Drone x2  
  145  8:52  Zergling x10  
  150  8:58  Zergling x2  
  150  8:59  Zergling x2  
  152  9:05  Zergling x14  
  159  9:11  Baneling x10  
  159  9:14  Overlord  
  159  9:19  Muscular Augments  
  159  9:22  Baneling  
  159  9:23  Baneling x13  
  159  9:24  Zergling x18  
  161  9:28  Hatchery  
  160  9:41  Zergling x16  
  166  9:46  Zergling x16  
  166  9:50  Zerg Melee Weapons Level 2  
  174  9:53  Hydralisk x2  
  174  9:56  Overseer x2  
  174  9:58  Zergling x2  
  174  9:59  Zergling x4, Zerg Ground Armor Level 1  
  178  10:07  Zergling x12  
  184  10:15  Zergling x2  
  184  10:16  Zergling x14  
  192  10:26  Zergling x14  
  170  10:31  Zergling x6  
  170  10:33  Zergling x2  
  146  10:36  Zergling x2  
  125  10:44  Zergling x8  
  125  10:45  Baneling  
  125  10:46  Baneling x13  
  125  10:49  Zergling x2  
  125  10:51  Baneling x18  
  124  10:57  Zergling x2  
  124  10:58  Zergling x8  
  119  11:05  Zergling x6  
  119  11:06  Zergling x8  
  119  11:08  Zergling x2  
  119  11:09  Zergling x8  
  119  11:11  Hydralisk  
  129  11:23  Zergling x8  
  109  11:27  Hydralisk x2  
  109  11:28  Hydralisk, Hatchery  
  109  11:31  Hydralisk  
  109  11:36  Zergling x18  
  109  11:39  Baneling x10  
  113  11:41  Zergling x6  
  113  11:44  Zergling x2  
  110  11:52  Hydralisk x2  
  110  11:53  Hydralisk  
  116  11:59  Hatchery  
  114  12:06  Extractor  
  114  12:07  Extractor  
  112  12:10  Zerg Ground Armor Level 2  
  112  12:24  Drone x2, Lurker Den  
  112  12:25  Drone x4, Infestation Pit  
  112  12:28  Zergling x2  
  112  12:29  Zergling x6  
  120  12:35  Hydralisk x4  
  128  12:44  Hydralisk x2  
  128  12:45  Hydralisk  
  128  12:47  Drone x2  
  128  12:48  Drone  
  128  12:50  Drone  
  137  13:02  Hydralisk x5  
  137  13:04  Overlord  
  146  13:08  Hive  
  146  13:11  Extractor  
  146  13:12  Extractor  
  144  13:15  Drone x2  
  144  13:16  Drone x2  
  150  13:24  Hydralisk  
  150  13:25  Hydralisk x5  
  162  13:30  Zergling x2  
  162  13:31  Zergling x8  
  162  13:34  Baneling x8  
  160  13:45  Zergling x10  
  157  13:58  Zergling x14  
  159  14:04  Zergling x10  
  160  14:12  Zergling x2  
  160  14:13  Overlord x3  
  160  14:17  Baneling x4  
  158  14:19  Baneling x3  
  158  14:20  Baneling x5  
  158  14:21  Baneling  
  158  14:23  Baneling x9  
  158  14:25  Overlord x2  
  158  14:26  Overseer  
  158  14:31  Overlord x2  
  158  14:33  Lurker x5  
  158  14:34  Hatchery  
  161  14:39  Lurker x6  
  161  14:43  Lurker x3  
  169  14:50  Zerg Missile Weapons Level 3  
  169  14:51  Zerg Ground Armor Level 3  
  166  14:53  Drone  
  167  15:01  Hydralisk x2  
  167  15:02  Hydralisk x2  
  172  15:07  Hatchery  
  172  15:13  Zergling x26  
  180  15:19  Hydralisk x2  
  184  15:25  Drone x5  
  189  15:30  Queen  
  191  15:41  Zergling x10  
  196  15:44  Baneling x26  
  196  15:47  Hydralisk  
  197  15:50  Adaptive Talons  
  184  16:02  Hydralisk x9  
  161  16:16  Hydralisk x8  
  160  16:19  Zergling x8  
  160  16:24  Baneling x5  
  158  16:25  Zergling x2  
  158  16:26  Zergling x8  
  158  16:31  Lurker x2  
  158  16:32  Zergling x2, Lurker x2  
  168  16:33  Zergling x6  
  168  16:39  Hydralisk x3  
  177  16:54  Extractor  
  177  16:55  Extractor  
  177  16:57  Extractor  
  177  16:59  Zergling x10  
  177  17:06  Hydralisk x11  
  199  17:12  Overlord x2  
  199  17:18  Adrenal Glands  
  197  17:33  Baneling x17  
  181  17:39  Hydralisk x4  
  168  17:58  Zergling x2  
  168  17:59  Zergling x50  
  174  18:07  Hydralisk x3  
  165  18:19  Zergling x18  
  154  18:26  Hydralisk  
  154  18:27  Hydralisk x5  
  155  18:39  Baneling x23  
  154  18:48  Drone x6, Hatchery  
  158  18:49  Drone  
  158  18:50  Lurker  
  158  18:52  Baneling x4  
  159  19:09  Hydralisk x4  
  161  19:12  Lurker x2  
  161  19:13  Lurker x2  
  161  19:16  Zergling x26  
Tags
 
Add a new tag
Caveats
  • Supply blocks, unpowered buildings, or Contaminate may cause inaccurate times.
  • Supply counts are checked every 10 seconds.